 Dungeon Crawl Stone Soup version 0.25.0-9-g26727b657a (webtiles) character file.

Game seed: 7552988812643173474

35905 protoss039 the Eclecticist (level 13, -15/66 HPs)
             Began as a Deep Elf Earth Elementalist on June 19, 2020.
             Was an Elder of Vehumet.
             Demolished by a skeletal warrior
             ... wielding a +0 short sword
             ... led by a skeletal warrior
              (20 damage)
             ... on level 15 of the Dungeon.
             The game lasted 02:04:52 (20500 turns).

protoss039 the Eclecticist (DEEE)                  Turns: 20500, Time: 02:04:54

Health: -15/66     AC: 12    Str:  5    XL:     13   Next: 50%
Magic:  3/35       EV: 13    Int: 26    God:    Vehumet [****..]
Gold:   850        SH:  0    Dex: 15    Spells: 19/44 levels left

rFire    + . .     SeeInvis .   s - +4 quarterstaff (chaos)
rCold    . . .     Gourm    .   (shield currently unavailable)
rNeg     . . .     Faith    .   P - +2 robe {MR+}
rPois    .         Spirit   .   T - +0 helmet
rElec    .         Reflect  .   Q - +2 cloak
rCorr    .         Harm     .   D - +1 pair of gloves
MR       +++..                  o - +1 pair of boots
Stlth    +++.......             l - amulet of regeneration
HPRegen  0.61/turn              i - ring of protection from fire
MPRegen  0.24/turn              u - ring of protection from magic

@: no status effects
A: no striking features
a: Renounce Religion


You were on level 15 of the Dungeon.
You worshipped Vehumet.
Vehumet was greatly pleased with you.
You were not hungry.

You visited 2 branches of the dungeon, and saw 16 of its levels.

You collected 850 gold pieces.

Inventory:

Hand Weapons
 s - a +4 quarterstaff of chaos (weapon)
 z - the +8 whip of Soadam {venom, rElec rF- Int+2 Dex+7}
   (You found it on level 7 of the Dungeon)

   It poisons the flesh of those it strikes.
   It affects your intelligence (+2).
   It affects your dexterity (+7).
   It makes you vulnerable to fire.
   It insulates you from electricity.
 U - a +4 scimitar of freezing
 Y - the +7 hand axe "Usuliebb" {freeze, +Fly}
   (You found it on level 13 of the Dungeon)

   It has been specially enchanted to freeze those struck by it, causing extra
   injury to most foes and up to half again as much damage against particularly
   susceptible opponents.
   It can also slow down cold-blooded creatures.
   It lets you fly.
Missiles
 b - 170 stones (quivered)
Armour
 h - a +2 robe of positive energy
 o - a +1 pair of boots (worn)
 D - a +1 pair of gloves (worn)
 K - a +0 robe of the Archmagi
 P - a +2 robe of magic resistance (worn)
 Q - a +2 cloak (worn)
 R - the +0 pair of gloves "Ciczik" {-Tele rF+ rN++}
   (You found it on level 9 of the Dungeon)

   It protects you from fire.
   It greatly protects you from negative energy.
   It prevents most forms of teleportation.
 T - a +0 helmet (worn)
Jewellery
 a - an uncursed ring of resist corrosion
 i - a ring of protection from fire (left hand)
 l - an amulet of regeneration (around neck)
 u - a ring of protection from magic (right hand)
 E - the ring "Veicke Keqie" {*Tele rF+ MR+ MP-9}
   (You took it off a wight on level 7 of the Dungeon)

   [ring of teleportation]

   It may teleport you next to monsters.
   It protects you from fire.
   It affects your resistance to hostile enchantments.
   It affects your magic capacity (-9).
 M - an uncursed ring of flight
 V - an uncursed ring of see invisible
Wands
 j - a wand of iceblast (14)
 q - a wand of digging (11)
 x - a wand of disintegration (17)
 y - a wand of acid (20)
 F - a wand of flame (17)
 S - a wand of paralysis (16)
Scrolls
 e - 7 scrolls of teleportation
 f - 3 scrolls of enchant armour
 k - 9 scrolls of remove curse
 m - a scroll of identify
 A - 2 scrolls of amnesia
 B - 2 scrolls of fear
 L - a scroll of enchant weapon {unknown}
 X - 2 scrolls of fog
Potions
 g - a potion of magic
 p - 2 potions of might
 r - a potion of lignification
 t - 2 potions of haste
 v - 7 potions of flight
 C - 2 potions of invisibility
 J - a potion of resistance {unknown}
 N - 2 potions of curing
 O - 2 potions of stabbing
 W - a potion of mutation
Miscellaneous
 n - a phial of floods
 G - a phial of floods
 H - a phantom mirror
 I - a lightning rod (4/4)
 Z - a box of beasts
Comestibles
 d - 27 rations


   Skills:
 + Level 2.0 Fighting
   Level 1.0 Short Blades
 - Level 2.7 Dodging
 - Level 4.0 Stealth
 + Level 16.4 Spellcasting
 * Level 8.7 Conjurations
 + Level 9.5 Hexes
 + Level 0.1 Summonings
 + Level 2.9 Transmutations
 * Level 8.0 Air Magic
 + Level 14.3 Earth Magic


You had 19 spell levels left.
You knew the following spells:

 Your Spells              Type           Power        Failure   Level  Hunger
a - Sandblast             Erth           ######       0%          1    None
b - Passwall              Tmut/Erth      ######..     1%          2    None
c - Stone Arrow           Conj/Erth      ######       1%          3    None
d - Slow                  Hex            ######..     1%          2    None
e - Petrify               Tmut/Erth      ######..     1%          4    None
f - Lee's Rapid Deconstr  Erth           #######...   1%          5    None
g - Airstrike             Air            ######....   1%          4    None
h - Summon Lightning Spi  Summ/Air       #####...     4%          4    None

Your spell library contained the following spells:

 Spells                   Type           Power        Failure   Level  Hunger
 Ignite Poison            Fire/Tmut/Pois ####....     1%          3    None
 Corona                   Hex            ######.      1%          1    None
 Magic Dart               Conj           ####         1%          1    None
 Corpse Rot               Necr/Air       N/A          1%          2    None
 Ensorcelled Hibernation  Hex/Ice        #####.       1%          2    None
 Confusing Touch          Hex            ######..     1%          3    None
 Conjure Flame            Conj/Fire      #####...     1%          3    None
 Dazzling Flash           Conj/Hex       ######       1%          3    None
 Mephitic Cloud           Conj/Pois/Air  ######..     1%          3    None
 Tukima's Dance           Hex            ######..     1%          3    None
 Blink                    Tloc           N/A          3%          2    None
 Call Imp                 Summ           ###.....     3%          2    None
 Tornado                  Air            ######....   100%        9    #######


Dungeon Overview and Level Annotations

Branches:
Dungeon (14/15)            Temple (1/1) D:7            Lair (0/6) D:8
    Orc (0/2) D:12         Vaults (0/5) D:13

Altars:
Ashenzari
Cheibriados
Dithmenos
Elyvilon
Fedhas
Gozag
Hepliaklqana
Kikubaaqudgha
Makhleb
Nemelex Xobeh
Okawaru
Qazlal
Ru
Sif Muna
Trog
Uskayaw
Vehumet
Wu Jian
Xom
Yredelemnul
Zin
The Shining One

Shops:
D:6 }   D:7 *   D:13 [   D:15 [

Annotations:
D:9 1 exclusion


Message History

The floating eye is heavily wounded.
b - 170 stones The skeletal warrior barely misses you.
A skeletal warrior comes into view.
It is wielding a +0 rapier and wearing the ring "Esosiakym" {rC+ rN++ Str+4 Dex-2}.
The skeletal warrior hits you from afar with a +0 glaive!!
Okay, then.
Unknown command.
As you read the scroll of teleportation, it crumbles to dust.
You feel strangely unstable.
The skeletal warrior closely misses you.
The skeletal warrior hits you from afar with a +0 glaive!!
* * * LOW HITPOINT WARNING * * *
Unknown command.
Okay, then.
Okay, then.
Okay, then.
You feel strangely stable.
You feel magically purged.
The skeletal warrior hits you with a +0 short sword!!
You die...

...#... .......
....... ........
........
####........#
##..##G....#..
#....@z..#....
#∩.).#.#......
#....+.z......
##?.##†.....#
#######.....#...
#....#....#.....
#....#.......z..
######...'..........
#..###()##.....#....


You could see 3 skeletal warriors and a floating eye (slow).

Vanquished Creatures
  Harold (D:8)
  A yaktaur captain (D:13)
  A great orb of eyes (D:15)
  A rakshasa (D:15)
  A hydra (D:14)
  2 vault guards (D:15)
  2 centaur warriors
  6 two-headed ogres
  A tengu warrior (D:15)
  Urug (D:11)
  Sonja (D:10)
  A fire crab (D:15)
  2 skeletal warriors (D:15)
  2 unseen horrors
  2 obsidian statues (D:13)
  Pikel (D:6)
  8 ugly things
  3 manticores
  A cyclops (D:13)
  A spiny frog (shapeshifter) (D:15)
  2 yaktaurs (D:13)
  A troll (D:9)
  A merfolk (D:11)
  3 slime creatures
  Prince Ribbit (D:6)
  4 hippogriffs
  4 wraiths
  2 wyverns
  A basilisk (D:15)
  9 yaks
  2 wargs (D:12)
  A hungry ghost (D:11)
  4 porcupines (D:8)
  6 orc warriors
  5 ice beasts
  4 sky beasts
  5 black bears
  4 phantoms
  9 centaurs
  An eye of draining (D:8)
  6 ogres
  2 crocodiles
  A big kobold (D:12)
  Blork the orc (D:6)
  4 gnoll sergeants
  7 bullfrogs
  4 scorpions
  A water moccasin skeleton (D:5)
  13 killer bees
  A howler monkey (D:6)
  18 wights
  2 crimson imps (D:8)
  A quasit (D:5)
  4 centaur zombies
  A jelly (D:6)
  15 orc wizards
  Crazy Yiuf (D:2)
  7 orc priests
  8 centaur skeletons
  A bullfrog skeleton (D:4)
  3 hounds
  Terence (D:2)
  2 iguanas
  7 worker ants
  A hound skeleton (D:10)
  A worker ant zombie (D:5)
  28 gnolls
  15 adders
  3 shadow imps
  A white imp (D:6)
  An ooze (D:6)
  An adder skeleton (D:7)
  2 worms
  2 dart slugs
  7 leopard geckos
  43 orcs
  7 bats
  8 giant cockroaches
  3 goblins
  5 hobgoblins
  10 jackals
  10 quokkas
  3 ball pythons
  5 frilled lizards
  A jackal skeleton (D:4)
  14 kobolds
  A quokka skeleton (D:6)
  9 rats
400 creatures vanquished.

Vanquished Creatures (others)
  A slave (D:6)
  A worker ant (D:6)
  2 adders
  A gnoll (D:6)
  20 fungi (D:8)
  2 plants (D:8)
27 creatures vanquished.

Grand Total: 427 creatures vanquished

Notes
Turn   | Place    | Note
-------+----------+-------------------------------------------
     0 | D:1      | protoss039 the Deep Elf Earth Elementalist began the quest
                  | for the Orb.
     0 | D:1      | Reached XP level 1. HP: 10/10 MP: 6/6
     6 | D:1      | Noticed a yaktaur captain
     6 | D:1      | Noticed a queen ant
     6 | D:1      | Noticed a basilisk
   470 | D:1      | Reached XP level 2. HP: 15/15 MP: 4/8
  1423 | D:2      | Reached XP level 3. HP: 19/19 MP: 9/9
  2028 | D:2      | Found a runed translucent door.
  2029 | D:2      | Noticed Crazy Yiuf
  2113 | D:2      | Noticed Terence
  2119 | D:2      | Killed Terence
  2119 | D:2      | Reached skill level 4 in Spellcasting
  2119 | D:2      | Reached XP level 4. HP: 18/24 MP: 7/12
  2286 | D:2      | Learned a level 2 spell: Passwall
  2290 | D:2      | Learned a level 3 spell: Stone Arrow
  2292 | D:2      | Killed Crazy Yiuf
  2292 | D:2      | Reached skill level 1 in Short Blades
  2454 | D:3      | Reached XP level 5. HP: 28/28 MP: 10/13
  2705 | D:3      | Reached skill level 5 in Earth Magic
  3271 | D:3      | Reached XP level 6. HP: 33/33 MP: 15/15
  3279 | D:3      | Reached skill level 5 in Spellcasting
  3338 | D:3      | Reached skill level 1 in Fighting
  3841 | D:4      | Learned a level 2 spell: Slow
  4251 | D:4      | Reached skill level 1 in Hexes
  4257 | D:4      | Reached skill level 6 in Spellcasting
  4257 | D:4      | Reached XP level 7. HP: 29/38 MP: 7/18
  4750 | D:5      | Entered Level 5 of the Dungeon
  5191 | D:5      | Reached skill level 7 in Spellcasting
  5491 | D:6      | Noticed Blork the orc
  5495 | D:6      | Killed Blork the orc
  5506 | D:6      | Reached XP level 8. HP: 43/43 MP: 15/21
  5614 | D:6      | Found the +8 whip "Snakebite" {curare, rPois}
  5919 | D:6      | Noticed Pikel
  5929 | D:6      | Killed Pikel
  5929 | D:6      | Reached skill level 8 in Spellcasting
  6167 | D:6      | Found Mow Peatu's Gadget Boutique.
  6329 | D:6      | Noticed Prince Ribbit
  6333 | D:6      | Killed Prince Ribbit
  6333 | D:6      | Reached skill level 5 in Hexes
  6452 | D:6      | Reached XP level 9. HP: 48/48 MP: 19/23
  6499 | D:6      | Noticed a two-headed ogre
  6504 | D:6      | Killed a two-headed ogre
  6504 | D:6      | Reached skill level 9 in Spellcasting
  6504 | D:6      | Reached skill level 1 in Conjurations
  6504 | D:6      | Reached skill level 10 in Earth Magic
  6842 | D:6      | Found a basalt altar of Yredelemnul.
  6970 | D:7      | Found Dolebiro's General Store.
  7016 | D:7      | Got an ancient whip
  7017 | D:7      | Identified the +8 whip of Soadam {venom, rElec rF- Int+2
                  | Dex+7} (You found it on level 7 of the Dungeon)
  7067 | D:7      | Got a translucent hand axe
  7076 | D:7      | Identified the +2 hand axe of Greed {vorpal, Dex+4} (You
                  | found it on level 7 of the Dungeon)
  7325 | D:7      | Found a staircase to the Ecumenical Temple.
  7346 | Temple   | Entered the Ecumenical Temple
  7364 | Temple   | Became a worshipper of Vehumet
  7571 | D:7      | Reached skill level 10 in Spellcasting
  8367 | D:7      | Identified the ring "Veicke Keqie" {*Tele rF+ MR+ MP-9}
  8434 | D:7      | Reached XP level 10. HP: 52/52 MP: 17/26
  8608 | D:7      | Identified the Grimoire of Lightness
  8615 | D:7      | Learned a level 4 spell: Petrify
  8621 | D:7      | Learned a level 5 spell: Lee's Rapid Deconstruction
  8626 | D:7      | Learned a level 4 spell: Airstrike
  9168 | D:8      | Reached skill level 11 in Spellcasting
  9335 | D:8      | Reached skill level 1 in Air Magic
  9336 | D:8      | Noticed Harold
  9522 | D:8      | Noticed a two-headed ogre
  9814 | D:8      | Found a staircase to the Lair.
  9909 | D:8      | Reached * piety under Vehumet
  9909 | D:8      | Offered knowledge of Foxfire by Vehumet.
  9986 | D:8      | Killed a two-headed ogre
 10394 | D:8      | Reached skill level 12 in Spellcasting
 10955 | D:8      | Killed Harold
 11182 | D:9      | Offered knowledge of Searing Ray by Vehumet.
 11197 | D:9      | Reached ** piety under Vehumet
 11198 | D:9      | Reached XP level 11. HP: 56/56 MP: 12/29
 12142 | D:9      | Got a pair of faintly humming gloves
 12153 | D:9      | Identified the cursed +0 pair of gloves "Ciczik" {-Tele rF+
                  | rN++} (You found it on level 9 of the Dungeon)
 12195 | D:10     | Entered Level 10 of the Dungeon
 12195 | D:10     | Noticed a two-headed ogre
 12275 | D:10     | Noticed Sonja
 12283 | D:10     | Killed Sonja
 12283 | D:10     | Reached skill level 5 in Conjurations
 12628 | D:10     | Killed an unseen horror
 12716 | D:10     | Reached skill level 13 in Spellcasting
 12819 | D:10     | Killed a two-headed ogre
 13095 | D:10     | Offered knowledge of Static Discharge by Vehumet.
 13784 | D:11     | Noticed Urug
 13915 | D:11     | Reached skill level 5 in Air Magic
 14592 | D:11     | Reached *** piety under Vehumet
 14762 | D:11     | Killed Urug
 14803 | D:10     | Reached skill level 14 in Spellcasting
 15053 | D:11     | Offered knowledge of Olgreb's Toxic Radiance by Vehumet.
 15194 | D:11     | Reached XP level 12. HP: 62/62 MP: 12/32
 16500 | D:12     | Reached **** piety under Vehumet
 16674 | D:12     | Found a staircase to the Orcish Mines.
 16872 | D:12     | Offered knowledge of Ignite Poison by Vehumet.
 17721 | D:13     | Found Naessialyi's Armour Shop.
 17757 | D:13     | Noticed a two-headed ogre
 17760 | D:13     | Noticed a two-headed ogre
 17766 | D:13     | Killed a two-headed ogre
 17777 | D:13     | Killed a two-headed ogre
 18312 | D:13     | Noticed a yaktaur captain
 18476 | D:13     | Noticed a centaur warrior
 18482 | D:13     | Killed a centaur warrior
 18482 | D:13     | Reached skill level 15 in Spellcasting
 18784 | D:13     | Killed a yaktaur captain
 18791 | D:13     | Found a gate to the Vaults.
 19337 | D:13     | Got a shimmering hand axe
 19338 | D:13     | Identified the +7 hand axe "Usuliebb" {freeze, +Fly} (You
                  | found it on level 13 of the Dungeon)
 19559 | D:14     | Reached XP level 13. HP: 40/66 MP: 17/34
 19777 | D:14     | You fall into a shaft and drop 1 floor!
 19777 | D:15     | Entered Level 15 of the Dungeon
 19964 | D:15     | Learned a level 4 spell: Summon Lightning Spire
 19972 | D:15     | Reached skill level 16 in Spellcasting
 20338 | D:15     | Found Huaj's Antique Armour Shoppe.
 20493 | D:15     | Paralysed by a floating eye for 4 turns
 20498 | D:15     | Identified the ring "Esosiakym" {rC+ rN++ Str+4 Dex-2}
 20500 | D:15     | Demolished by a skeletal warrior

Illustrated notes

Levels and vault maps discovered:
D:1:      onia_arrival_zoo_common, layout_loops_ring, minmay_misc_feat_iff,
          kennysheep_pointless_box, st_stairs_13
D:2:      layout_rooms, uniq_crazy_yiuf_cottage, uniq_terence
D:3:      layout_basic, st_stairs_5
D:4:      layout_basic, first_ration, hangedman_decor_peaks_small,
          minmay_unequal
D:5:      layout_basic
D:6:      layout_loops_corners, nicolae_overflow_hidden_temple, serial_shops,
          shop, grunt_ministairs_9, uniq_blork_the_orc, uniq_pikel,
          uniq_prince_ribbit1
D:7:      minmay_the_grid_square_5x5_3x3 [minmay_the_grid_square_5x5_eight,
          minmay_the_grid_square_5x5_dogpile,
          minmay_the_grid_square_5x5_hourglass,
          minmay_the_grid_square_5x5_almost_minimal,
          minmay_the_grid_square_5x5_megaprize_open,
          minmay_the_grid_square_5x5_bracketed, minmay_the_grid_square_5x5_mess,
          minmay_the_grid_square_5x5_percent,
          minmay_the_grid_square_5x5_detours], layout_basic,
          minmay_temple_entry_sparse_star, serial_shops, shop
D:8:      layout_basic, due_lair_maze_entry_diamond, uniq_harold
D:9:      layout_rooms
D:10:     layout_roguey, uniq_sonja
D:11:     layout_basic, hangedman_fish_farm, uniq_urug
D:12:     layout_basic, minmay_orc_entry_guard_dogs
D:13:     layout_roguey, david_vaults_2, serial_shops, kennysheep_mini,
          minmay_more_statues
D:14:     layout_basic, trove_entry_hex_spiral, serial_shops,
          kennysheep_mini_moat, lemuel_mausoleum_altar_kikubaaqudgha
D:15:     hangedman_spin_cycle
Temple:   minmay_crystal_snake_temple

Skill      XL: |  1  2  3  4  5  6  7  8  9 10 11 12 13 |
---------------+----------------------------------------+-----
Earth Magic    | 4 5 6 7 9 10 11 12 13 14 | 14.3
Stealth        | 3 4 |  4.0
Spellcasting   | 4 6 7 8 10 12 14 15 16 | 16.4
Short Blades   | 1 |  1.0
Fighting       | 1 2 |  2.0
Hexes          | 1 3 5 6 7 8 9 |  9.5
Conjurations   | 2 4 6 8 |  8.7
Air Magic      | 4 5 7 8 |  8.0
Transmutations | 2 |  2.9
Dodging        | |  2.7
Summonings     | |  0.1

Action                   |  1- 3 |  4- 6 |  7- 9 | 10-12 | 13-15 || total
-------------------------+-------+-------+-------+-------+-------++-------
Melee: Unarmed           |    15 |       |       |       |       ||    15
       Dagger            |    56 |       |       |       |       ||    56
       Quarterstaff      |       |    79 |    53 |    24 |       ||   156
       Whip              |       |       |     4 |       |       ||     4
 Cast: Sandblast         |    27 |    42 |    97 |    77 |    22 ||   265
       Passwall          |       |     3 |     8 |     3 |       ||    14
       Stone Arrow       |       |     1 |    44 |   235 |    13 ||   293
       Slow              |       |       |    29 |   110 |    17 ||   156
       Lee's Rapid Decon |       |       |       |   105 |    30 ||   135
       Petrify           |       |       |       |    13 |     2 ||    15
       Airstrike         |       |       |       |     3 |       ||     3
       Summon Lightning  |       |       |       |       |     1 ||     1
  Use: Scroll            |       |     4 |    12 |    16 |     2 ||    34
       Potion            |       |       |       |       |     6 ||     6
 Stab: Sleeping          |     7 |     7 |     2 |       |       ||    16
       Distracted        |       |     2 |     1 |       |       ||     3
       Paralysed         |       |       |       |     6 |       ||     6
       Petrified         |       |       |       |     2 |       ||     2
  Eat: Chunk             |     4 |     6 |     8 |    40 |     3 ||    61
       Ration            |       |       |     1 |       |       ||     1
Armor: Robe              |    26 |    26 |    42 |    58 |     8 ||   160
Dodge: Dodged            |    74 |    63 |   101 |    85 |    13 ||   336
